 Dungeon Crawl Stone Soup version 0.27.0-1-g7a089689b8 (webtiles) character file.

Game seed: 4267079238160425707

23476 Conn the Thaumaturge (level 13, 0/79 HPs)
             Began as an Octopode Fire Elementalist on Aug 13, 2021.
             Was a Priest of Sif Muna.
             Hit by a large rock thrown by a cyclops (41 damage)
             ... on level 2 of the Orcish Mines.
             The game lasted 01:06:28 (18795 turns).

Conn the Thaumaturge (Octopode Fire Elementalist)  Turns: 18795, Time: 01:06:29

Health: 0/79       AC:  1    Str:  9    XL:     13   Next: 7%
Magic:  5/36       EV: 14    Int: 29    God:    Sif Muna [***...]
Gold:   248        SH: 13    Dex: 12    Spells: 7/32 levels left

rFire    . . .     SeeInvis .   b - staff of conjuration
rCold    . . .     Faith    .   E - +3 warlock's mirror {reflect}
rNeg     . . .     Spirit   .   (helmet restricted)
rPois    .         Reflect  +   K - amulet of Dasmazugg {Reflect Str+2 SH+5}
rElec    .         Harm     .   w - +6 ring of intelligence
rCorr    .         Rampage  .   L - ring of magical power
Will     .....                  (no ring)
Stlth    ++++......             (no ring)
HPRegen  0.23/turn              (no ring)
MPRegen  0.25/turn              (no ring)
                                (no ring)
                                (no ring)

@: channeling, very slightly contaminated
A: almost no armour, amphibious, 8 rings, camouflage 1, gelatinous body 1,
(nimble swimmer 1), tentacles
a: Renounce Religion, Channel Magic, Forget Spell


You were on level 2 of the Orcish Mines.
You worshipped Sif Muna.
Sif Muna was most pleased with you.
You visited 3 branches of the dungeon, and saw 17 of its levels.

You collected 1422 gold pieces.
You spent 1174 gold pieces at shops.

Inventory:

Hand Weapons
 a - the +8 glaive of Fimbulwinter {vorpal, rPois}
   (You bought it in a shop on level 1 of the Dungeon)

   It inflicts extra damage upon your enemies.
   rPois:     It protects you from poison.
 y - a +2 short sword of venom
Missiles
 d - 39 poisoned darts (quivered)
 p - a throwing net
 F - 2 curare-tipped darts
Armour
 E - the +3 warlock's mirror (worn) {reflect}
   (You found it on level 10 of the Dungeon)

   It can block and reflect piercing ranged attacks and magical attacks against
   the wielder's willpower.
Magical Staves
 b - a staff of conjuration (weapon)
 B - a staff of poison
Jewellery
 j - an amulet of guardian spirit
 l - an amulet of regeneration
 w - a +6 ring of intelligence (left tentacle)
 G - an amulet of the acrobat
 K - the amulet of Dasmazugg (around mantle) {Reflect Str+2 SH+5}
   (You bought it in a shop on level 2 of the Orcish Mines)

   [amulet of reflection]

   It reflects blocked missile attacks.
   Str:       It affects your strength (+2).
   SH:        It affects your SH (+5).
 L - a ring of magical power (right tentacle)
Wands
 h - a wand of flame (25)
 u - a wand of iceblast (21)
 x - a wand of paralysis (12)
Scrolls
 f - a scroll of silence {unknown}
 g - a scroll of fog
 m - 4 scrolls of teleportation
 o - 4 scrolls of amnesia
 q - a scroll of torment {unknown}
 r - a scroll of blinking
 t - a scroll of enchant armour
 v - a scroll of noise {unknown}
 C - a scroll of holy word {unknown}
 D - a scroll of magic mapping
 H - a scroll of brand weapon {unknown}
 I - a scroll of enchant weapon {unknown}
 J - a scroll of identify
Potions
 c - 2 potions of flight
 e - 2 potions of haste
 i - 2 potions of brilliance
 k - a potion of resistance
 n - 4 potions of attraction
 s - 6 potions of might
 z - 2 potions of curing
 A - 2 potions of invisibility


   Skills:
 + Level 4.0 Fighting
 + Level 2.2 Short Blades
 + Level 0.8(1.0) Polearms
 + Level 0.7(1.0) Staves
 + Level 0.3 Throwing
 + Level 5.0 Dodging
 + Level 7.5 Stealth
 + Level 5.8 Shields
 + Level 10.4 Spellcasting
 + Level 9.8 Conjurations
 + Level 1.5 Hexes
 - Level 4.2 Translocations
 + Level 10.3 Fire Magic
 * Level 5.3 Invocations


You had 7 spell levels left.
You knew the following spells:

 Your Spells              Type           Power      Damage    Failure   Level
a - Foxfire               Conj/Fire      100%       2x1d9     1%          1
b - Conjure Flame         Conj/Fire      84%        6-21      1%          3
c - Inner Flame           Hex/Fire       49%        N/A       1%          3
d - Sticky Flame          Conj/Fire      84%        2d10      1%          4
e - Fireball              Conj/Fire      42%        3d17      1%          5
f - Blink                 Tloc           N/A        N/A       1%          2
g - Iskenderun's Mystic   Conj/Tloc      71%        2d14      1%          4
h - Ozocubu's Armour      Ice            15%        N/A       11%         3

Your spell library contained the following spells:

 Spells                   Type           Power      Damage    Failure   Level
 Corona                   Hex            26%        N/A       1%          1
 Static Discharge         Conj/Air       60%        N/A       1%          2
 Lesser Beckoning         Tloc           19%        N/A       1%          3
 Fulminant Prism          Conj/Hex       32%        3d16      3%          4
 Ensorcelled Hibernation  Hex/Ice        38%        N/A       4%          2
 Tukima's Dance           Hex            24%        N/A       5%          3
 Manifold Assault         Tloc           39%        N/A       19%         5
 Dispel Undead            Necr           15%        3d10      34%         4
 Metabolic Englaciation   Hex/Ice        9%         N/A       58%         5
 Lee's Rapid Deconstruct  Erth           7%         3d8*      69%         5
 Simulacrum               Ice/Necr       7%         N/A       99%         6


Dungeon Overview and Level Annotations

Branches:
Dungeon (14/15)            Temple (1/1) D:4            Lair (0/6) D:11
    Orc (2/2) D:10
    Elf: Orc:2       Vaults: D:13-14

Altars:
Ashenzari
Cheibriados
Dithmenos
Elyvilon
Fedhas
Gozag
Hepliaklqana
Kikubaaqudgha
Makhleb
Nemelex Xobeh
Okawaru
Qazlal
Ru
Sif Muna
Trog
Uskayaw
Vehumet
Wu Jian
Xom
Yredelemnul
Zin
The Shining One

Shops:
D:1 (   D:13 *   Orc:2 [(=


Innate Abilities, Weirdness & Mutations

You cannot wear most types of armour.
You are amphibious.
You can wear up to eight rings at the same time.
Your skin changes colour to match your surroundings (Stealth+).
Your rubbery body absorbs attacks. (AC +1, EV +1)
((You are camouflaged near water. (Stealth+)))
You have tentacles for arms and can constrict up to eight enemies at once.


Message History

Unknown command.
Casting: Fireball (dangerous; 1% risk of failure)
Confirm with . or Enter, or press ? or * to list all spells.
Aiming: Fireball (dangerous; 1% risk of failure)
Press: ? - help, Shift-Dir - straight line
Okay, then.
Casting: Fireball (dangerous; 1% risk of failure)
Confirm with . or Enter, or press ? or * to list all spells.
Aiming: Fireball (dangerous; 1% risk of failure)
Press: ? - help, Shift-Dir - straight line You feel a surge of power!
The fireball explodes!
The fireball engulfs the orc warrior!!
The orc warrior is almost dead.
The fireball engulfs the orc priest!!
You kill the orc priest!
Sif Muna accepts your kill.
Casting: Fireball (dangerous; 1% risk of failure)
Confirm with . or Enter, or press ? or * to list all spells.
Aiming: Fireball (dangerous; 1% risk of failure)
Press: ? - help, Shift-Dir - straight line, f - ettin
Aim: an ettin, wielding two +0 dire flails (moderately wounded)
You feel a surge of power!
The fireball explodes!
The fireball engulfs the ettin!!!
The ettin is almost dead.
The fireball engulfs the orc warrior!!!
You kill the orc warrior!
Sif Muna accepts your kill.
The fireball engulfs the orc!!
You kill the orc!
Sif Muna accepts your kill.
Casting: Fireball (dangerous; 1% risk of failure)
Confirm with . or Enter, or press ? or * to list all spells.
You blink.
A cyclops comes into view.
The cyclops throws a large rock.
You reflect the large rock off your +3 warlock's mirror {reflect}!
The large rock hits the cyclops.
The cyclops throws a large rock.
The large rock hits you!!!
Ouch! That really hurt!
You die...

##.)#.#....##.....## .
#...)............#.##
#.###...)..C....#)......#
##.#..........).........##
#..................)....#
#.....8............)...##
##............##.(.(.)..#
#P....∩....P..##.......#
#..P....@)....#...##..##
#P............##.###...#
##...P....o)...### ##.##
#.P......)C..## ###
###...........##
######..)....# #...§...##
#......## #.......#


You could see an ettin, a cyclops and an orc.

Vanquished Creatures
  2 ettins (Orc:2)
  Josephine (D:10)
  3 two-headed ogres
  An alligator (shapeshifter) (D:13)
  An orc knight (Orc:2)
  5 ugly things
  5 cyclopes
  A manticore (D:12)
  A gargoyle (D:11)
  4 kobold demonologists
  An unseen horror (D:10)
  5 trolls
  Prince Ribbit (D:7)
  6 slime creatures (D:13)
  2 vampires
  6 wraiths
  2 wyverns (D:9)
  A shadow (D:13)
  4 vampire mosquitoes (D:12)
  An acid dragon (D:10)
  4 water moccasins
  An ice beast (D:6)
  A swamp drake (D:10)
  14 orc warriors
  A black bear (D:8)
  A sky beast (D:5)
  8 ogres
  3 necrophages
  6 centaurs (D:11)
  3 phantoms
  3 kobold brigands
  Blork the orc (D:4)
  3 bullfrogs
  3 gnoll sergeants
  A water moccasin skeleton (D:6)
  10 killer bees
  5 wights (D:7)
  2 howler monkeys
  2 bullfrog zombies (D:6)
  5 centaur zombies
  2 hounds
  A bullfrog skeleton (D:5)
  18 orc priests
  A centaur skeleton (D:4)
  An iguana (D:5)
  14 orc wizards
  A hound zombie (D:5)
  22 gnolls
  10 adders
  An ufetubus (D:5)
  3 worms
  A dart slug (D:1)
  54 orcs
  5 ball pythons
  4 bats
  8 endoplasms
  4 giant cockroaches
  5 goblins
  6 hobgoblins
  9 jackals
  6 quokkas
  5 frilled lizards
  15 kobolds
  5 rats
331 creatures vanquished.

Vanquished Creatures (collateral kills)
  2 foxfires (D:1)
2 creatures vanquished.

Vanquished Creatures (others)
  A kobold brigand (D:13)
  951 foxfires
  10 fungi (Orc:2)
962 creatures vanquished.

Grand Total: 1295 creatures vanquished

Notes
Turn   | Place    | Note
-------+----------+-------------------------------------------
     0 | D:1      | Conn the Octopode Fire Elementalist began the quest for the
                  | Orb.
     0 | D:1      | Reached XP level 1. HP: 11/11 MP: 3/3
   187 | D:1      | Reached XP level 2. HP: 17/17 MP: 3/5
   375 | D:1      | Found Qofrots's Antique Weapon Shoppe.
   453 | D:1      | Found a faded altar of an unknown god.
   962 | D:2      | Reached XP level 3. HP: 21/21 MP: 6/6
  1141 | D:2      | Found a radiant altar of Vehumet.
  1411 | D:2      | Reached XP level 4. HP: 27/27 MP: 0/7
  2612 | D:3      | Reached XP level 5. HP: 32/32 MP: 6/9
  3176 | D:4      | Found a staircase to the Ecumenical Temple.
  3187 | Temple   | Entered the Ecumenical Temple
  3273 | D:4      | Reached skill level 1 in Short Blades
  3275 | D:4      | Noticed Blork the orc
  3374 | D:3      | Learned a level 3 spell: Conjure Flame
  3378 | D:3      | Learned a level 3 spell: Inner Flame
  3509 | D:4      | Reached skill level 1 in Fighting
  3514 | D:4      | Killed Blork the orc
  3515 | D:4      | Reached skill level 5 in Stealth
  3515 | D:4      | Reached XP level 6. HP: 38/38 MP: 1/10
  3634 | D:4      | Learned a level 2 spell: Blink
  3681 | D:4      | Noticed a necrophage
  3686 | D:4      | Killed a necrophage
  3839 | D:5      | Entered Level 5 of the Dungeon
  4050 | D:5      | Noticed a necrophage
  4057 | D:5      | Found an opulent altar of Gozag.
  4066 | D:5      | Killed a necrophage
  4164 | D:5      | Found a blossoming altar of Fedhas.
  4201 | D:5      | Reached XP level 7. HP: 26/43 MP: 9/12
  5292 | D:6      | Found a snail-covered altar of Cheibriados.
  5338 | D:6      | Reached skill level 5 in Fire Magic
  5338 | D:6      | Reached XP level 8. HP: 49/49 MP: 1/14
  5588 | D:6      | You fall into a shaft and drop 2 floors!
  5636 | D:7      | Found a hazy altar of Hepliaklqana.
  5745 | D:8      | Reached skill level 5 in Spellcasting
  5934 | D:7      | Found an ancient bone altar of Kikubaaqudgha.
  5954 | D:7      | Noticed Prince Ribbit
  5966 | D:7      | Killed Prince Ribbit
  6121 | D:6      | Reached XP level 9. HP: 54/54 MP: 11/17
  6195 | D:6      | Found a white marble altar of Elyvilon.
  6214 | D:6      | Found an ornate altar of the Wu Jian Council.
  6406 | D:6      | Found a shimmering blue altar of Sif Muna.
  6409 | D:6      | Became a worshipper of Sif Muna the Loreminder
  6464 | D:6      | Found a broken altar of Ashenzari.
  6594 | D:6      | Learned a level 4 spell: Sticky Flame
  6600 | D:6      | Learned a level 5 spell: Fireball
  6829 | D:4      | Reached skill level 5 in Conjurations
  6898 | D:1      | Bought an ivory glaive for 195 gold pieces
  6898 | D:1      | Identified the +8 glaive of Fimbulwinter {vorpal, rPois}
                  | (You bought it in a shop on level 1 of the Dungeon)
  7529 | D:7      | Reached skill level 1 in Translocations
  8341 | D:8      | Found a sparkling altar of Nemelex Xobeh.
  8734 | D:9      | Reached * piety under Sif Muna
  9020 | D:9      | Reached XP level 10. HP: 21/61 MP: 5/20
  9824 | D:10     | Entered Level 10 of the Dungeon
  9906 | D:10     | Found a sacrificial altar of Ru.
  9951 | D:10     | Learned a level 4 spell: Iskenderun's Mystic Blast
 10139 | D:10     | Reached skill level 1 in Hexes
 10334 | D:10     | Noticed an unseen horror
 10341 | D:10     | Killed an unseen horror
 10600 | D:10     | Found the +3 warlock's mirror {reflect}
 11081 | D:10     | Reached ** piety under Sif Muna
 11132 | D:10     | Reached skill level 1 in Shields
 11144 | D:10     | Found a staircase to the Orcish Mines.
 11406 | D:10     | Found a stormy altar of Qazlal.
 11638 | D:10     | Found an iron altar of Okawaru.
 12007 | D:11     | Noticed a gargoyle
 12010 | D:11     | Killed a gargoyle
 12187 | D:11     | Reached XP level 11. HP: 53/67 MP: 13/23
 12392 | D:11     | Found a staircase to the Lair.
 12512 | D:11     | Noticed a purple ugly thing
 12519 | D:11     | Killed a purple ugly thing
 13026 | D:12     | Noticed a manticore
 13028 | D:12     | Killed a manticore
 13906 | D:12     | Noticed a two-headed ogre
 14084 | D:12     | Killed a two-headed ogre
 14185 | D:12     | Noticed a cyclops
 14357 | D:12     | Noticed a two-headed ogre
 14365 | D:12     | Killed a two-headed ogre
 14366 | D:12     | Reached skill level 1 in Invocations
 14565 | D:12     | Killed a cyclops
 14759 | D:13     | Noticed a cyclops
 14768 | D:13     | Killed a cyclops
 14825 | D:13     | Noticed a white ugly thing
 14986 | D:13     | Noticed an alligator
 14996 | D:13     | Killed an alligator
 14997 | D:13     | Reached XP level 12. HP: 38/73 MP: 0/25
 15471 | D:13     | Noticed a two-headed ogre
 15474 | D:13     | Killed a two-headed ogre
 15514 | D:13     | HP: 3/74 [slime creature (8)]
 15519 | D:13     | Reached skill level 5 in Shields
 15908 | D:13     | Found Celiasu's General Store.
 16406 | D:13     | Identified the +1 ring mail of Space {Harm}
 16627 | Orc:1    | Entered Level 1 of the Orcish Mines
 16893 | Orc:1    | Reached *** piety under Sif Muna
 17192 | Orc:1    | Noticed Josephine
 17327 | D:10     | Killed Josephine
 17773 | Orc:1    | Reached skill level 10 in Spellcasting
 18218 | Orc:2    | Entered Level 2 of the Orcish Mines
 18233 | Orc:2    | Noticed an ettin
 18363 | Orc:2    | Found Heilut's Antique Armour Emporium.
 18363 | Orc:2    | Noticed an ettin
 18370 | Orc:2    | Killed an ettin
 18371 | Orc:2    | Reached skill level 5 in Dodging
 18371 | Orc:2    | Reached skill level 10 in Fire Magic
 18476 | Orc:2    | Noticed an ettin
 18485 | Orc:2    | Killed an ettin
 18667 | Orc:2    | Found Ohocs's Jewellery Shoppe.
 18675 | Orc:2    | Bought the amulet of Dasmazugg {Reflect Str+2 SH+5} for 659
                  | gold pieces
 18690 | Orc:2    | Learned a level 3 spell: Ozocubu's Armour
 18693 | Orc:2    | Bought a ring of magical power for 320 gold pieces
 18751 | Orc:2    | Found Xoosch's Antique Weapon Boutique.
 18758 | Orc:2    | Reached skill level 5 in Invocations
 18773 | Orc:2    | Reached XP level 13. HP: 79/79 MP: 12/27
 18795 | Orc:2    | Hit by a large rock thrown by a cyclops

Illustrated notes

Levels and vault maps discovered:
D:1:      dpeg_arrival_fog, layout_loops_ring, serial_shops, shop,
          hellmonk_ecumenical_altar_arch_garden, serial_bayou_lagoon_a
D:2:      layout_basic, basic_altar
D:3:      layout_basic
D:4:      layout_cave_pools, minmay_temple_entry_drinking_statues,
          kennysheep_generic_room_2, uniq_blork_the_orc
D:5:      layout_basic, mainiacjoe_overflow_brackets, lemuel_crystal_altar,
          minmay_fountain_box
D:6:      layout_rooms, kennysheep_mini, nicolae_overflow_quartered_altars
D:7:      layout_gridville, nicolae_kikubaaqudgha_miasma_corner,
          nicolae_overflow_hidden_temple, uniq_prince_ribbit1
D:8:      layout_rooms, nemelex_spade_bored_becter
D:9:      layout_basic, chequers_mini_garden
D:10:     layout_rooms, nicolae_ru_path_of_blood, okawaru_altar_gauntlet_db,
          kennysheep_mini_moat, erik_orc_1, minmay_misc_feat_diagonals,
          grunt_ministairs_15
D:11:     layout_basic, lair_entry_dummy
D:12:     layout_roguey, serial_glass, glass_columns_a, glass_columns_b
D:13:     layout_roguey, serial_shops, shop, chequers_serial_rivers_small_b,
          nicolae_straight_to_the_point
D:14:     layout_loops_ring, david_vaults_1, hangedman_decor_slide_cut
Temple:   dpeg_three_leaves_temple
Orc:1:    layout_caves, uniq_josephine
Orc:2:    grunt_orc_gardens, layout_caves, grunt_orc_garden, grunt_orc_garden,
          grunt_orc_garden, grunt_orc_garden, basic_altar

Skill      XL: |  1  2  3  4  5  6  7  8  9 10 11 12 |
---------------+-------------------------------------+-----
Stealth        | 3 4 5 6 7 |  7.5
Short Blades   | 1 2 |  2.2
Fighting       | 1 2 3 4 |  4.0
Spellcasting   | 3 4 5 6 8 9 10 | 10.4
Conjurations   | 2 3 4 6 7 8 9 |  9.8
Fire Magic     | 4 5 7 8 9 10 | 10.3
Dodging        | 3 4 5 |  5.0
Translocations | 2 4 |  4.2
Hexes          | 1 |  1.5
Shields        | 2 4 5 |  5.8
Invocations    | 2 5 |  5.3
Polearms       | |  0.8
Staves         | |  0.7
Throwing       | |  0.3

Action                   |  1- 3 |  4- 6 |  7- 9 | 10-12 | 13-15 || total
-------------------------+-------+-------+-------+-------+-------++-------
Melee: Dagger            |    18 |    36 |    22 |       |       ||    76
       Constrict         |     4 |     6 |    11 |     6 |     1 ||    28
       Tentacles         |     2 |     5 |     7 |     6 |     1 ||    21
       Glaive            |       |       |     8 |       |       ||     8
       Staff             |       |       |     5 |    40 |     1 ||    46
Throw: Throwing net      |       |       |     2 |       |       ||     2
       Dart              |       |       |     1 |     1 |       ||     2
 Cast: Foxfire           |    43 |    71 |   185 |   244 |       ||   543
       Conjure Flame     |       |       |    12 |    20 |       ||    32
       Blink             |       |       |     3 |    10 |     3 ||    16
       Inner Flame       |       |       |     1 |    12 |       ||    13
       Sticky Flame      |       |       |    11 |    32 |       ||    43
       Fireball          |       |       |       |    94 |     6 ||   100
       Iskenderun's Myst |       |       |       |    15 |       ||    15
Invok: Channel Magic     |       |       |       |     6 |     2 ||     8
Evoke: Wand              |       |       |       |     1 |       ||     1
  Use: Potion            |     3 |       |       |     5 |       ||     8
       Scroll            |       |       |       |    13 |       ||    13
 Stab: Sleeping          |     5 |     9 |     4 |     1 |       ||    19
Armor: Skin              |       |     4 |     8 |    11 |     1 ||    24
Dodge: Dodged            |    18 |    52 |    62 |    88 |     1 ||   221
Block: Buckler           |       |       |       |    44 |     2 ||    46
       Reflection        |       |       |       |     7 |     1 ||     8
